 Dungeon Crawl Stone Soup version 0.24.0-35-gdb84b6a5db (webtiles) character file.

Game seed: 15431511797938144247, levelgen mode: deterministic

57 McKennaii the Skirmisher (level 3, -3/29 HPs)
             Began as a Demonspawn Fighter on Nov 20, 2019.
             Slain by a gnoll
             ... wielding a +0 flail
              (7 damage)
             ... on level 1 of the Dungeon.
             The game lasted 00:01:06 (1360 turns).

McKennaii the Skirmisher (Demonspawn Fighter)       Turns: 1360, Time: 00:01:06

Health: -3/29      AC:  6    Str: 17    XL:     3   Next: 73%
Magic:  3/3        EV:  7    Int:  9    God:
Gold:   32         SH:  9    Dex: 12    Spells: 2/2 levels left

rFire    . . .     SeeInvis .   a - +0 war axe
rCold    . . .     Gourm    .   c - +0 shield
rNeg     . . .     Faith    .   b - +0 scale mail
rPois    .         Spirit   .   (no helmet)
rElec    .         Reflect  .   (no cloak)
rCorr    .         Harm     .   (no gloves)
MR       .....                  (no boots)
Stlth    ..........             (no amulet)
HPRegen  0.09/turn              (no ring)
MPRegen  0.08/turn              (no ring)

@: no status effects
A: talons 2
a: no special abilities


You were on level 1 of the Dungeon.
You were hungry.

You visited 1 branch of the dungeon, and saw 2 of its levels.

You collected 32 gold pieces.

Inventory:

Hand Weapons
 a - a +0 war axe (weapon)
Armour
 b - a +0 scale mail (worn)
 c - a +0 shield (worn)
Scrolls
 e - 2 scrolls of identify {unknown}
 g - 2 scrolls of remove curse {unknown}
 h - a scroll of amnesia {unknown}
 l - a scroll of teleportation {unknown}
Potions
 d - a potion of might
 i - a potion of degeneration {unknown}
 j - a potion of curing {unknown}
 k - a potion of flight {unknown}
Comestibles
 f - 3 rations


   Skills:
 + Level 3.4 Fighting
 + Level 2.4 Axes
 + Level 3.0 Armour
 + Level 1.0 Dodging
 + Level 3.0 Shields


You had 2 spell levels left.
You didn't know any spells.
Your spell library was empty.

Dungeon Overview and Level Annotations

Branches:
Dungeon (2/15)

Altars:


Innate Abilities, Weirdness & Mutations

You have razor-sharp toenails.


Message History

Things that are here:
a +0 spear; a gnoll corpse You hit the gnoll but do no damage.
You block the gnoll's attack.
Things that are here:
a +0 halberd; a gnoll skeleton The gnoll barely misses you.
There is a stone staircase leading up, spattered with blood here.
You are feeling hungry.
The gnoll hits you from afar with a +3 spear.
The gnoll hits you with a +0 flail.
You climb upwards.
There is a stone staircase leading down here.
Unknown command.
Your scale mail prevents you from hitting the gnoll.
The gnoll hits you with a +0 flail.
* * * LOW HITPOINT WARNING * * *
You hit the gnoll but do no damage. You claw the gnoll, but do no damage.
The gnoll hits you but does no damage.
You barely miss the gnoll. The gnoll hits you with a +0 flail!
You die...

#.# #.# #.# #.# ##'## #####.####
#.# ##...## #........# #.####
##.....## #.###.##.# .....#
##.......## #..##.##.#
.#...####.........####...#.##.###
........'.........+..............
.#...####.......).####...#.##.###
.....# ##.....)@## #........#..
####.# ##....g## ##......##.#
####.### ##...## #.##.#.##.#
..)....# ##+## #.##.#.##..
##.#.#.# #.# #.#....#### #.#.#.#
#.# #.#....# #.#.#.### ##.##
######.#....#
#.#.....###...###...........#
#.###.#.##.....##.####.##.###


You could see a gnoll.

Vanquished Creatures
  3 gnolls
  An ooze (D:1)
  A worm (D:2)
  4 bats (D:1)
  A goblin (D:1)
  7 hobgoblins (D:1)
  4 kobolds (D:1)
  A rat (D:1)
22 creatures vanquished.

Notes
Turn   | Place    | Note
-------+----------+-------------------------------------------
     0 | D:1      | McKennaii the Demonspawn Fighter began the quest for the
                  | Orb.
     0 | D:1      | Reached XP level 1. HP: 18/18 MP: 1/1
   263 | D:1      | Gained mutation: You have sharp toenails. [demonic
                  | ancestry]
   263 | D:1      | Reached XP level 2. HP: 20/24 MP: 2/2
  1042 | D:2      | Gained mutation: You have razor-sharp toenails. [demonic
                  | ancestry]
  1042 | D:2      | Reached XP level 3. HP: 14/29 MP: 3/3
  1345 | D:2      | Reached skill level 1 in Dodging
  1360 | D:1      | Slain by a gnoll

Levels and vault maps discovered:
D:1:      roderic_octagonal_star, layout_loops_corners
D:2:      layout_rooms, lemuel_zombie_altar_yredelemnul,
          gammafunk_temple_overflow_wave, kennysheep_generic_room_9

Skill      XL: |  1  2  3 |
---------------+----------+-----
Axes           | 2 |  2.4
Armour         | 3 |  3.0
Shields        | 3 |  3.0
Dodging        | 1 |  1.0
Fighting       | |  3.4

Action                   || total
-------------------------++-------
Melee: War axe           ||    77
       Kick              ||    15
  Eat: Chunk             ||     1
Armor: Scale mail        ||    35
Dodge: Dodged            ||    25
Block: Shield            ||    42
